 Dungeon Crawl Stone Soup version 0.26.0-10-g1f06aea511 (webtiles) character file.

Game seed: 8280774064921857865

645 Dracia the Shield-Bearer (level 7, -3/52 HPs)
             Began as a Demonspawn Fighter on Jan 19, 2021.
             Slain by a gnoll
             ... wielding a +0 club
              (6 damage)
             ... on level 4 of the Dungeon.
             The game lasted 00:05:33 (3852 turns).

Dracia the Shield-Bearer (Demonspawn Fighter)       Turns: 3852, Time: 00:05:34

Health: -3/52      AC:  4    Str: 18    XL:     7   Next: 27%
Magic:  7/7        EV: 13    Int: 10    God:
Gold:   139        SH:  0    Dex: 14    Spells: 6/6 levels left

rFire    . . .     SeeInvis .   n - +0 dagger
rCold    . . .     Faith    .   (no shield)
rNeg     . . .     Spirit   .   p - +0 leather armour
rPois    .         Reflect  .   i - +0 helmet
rElec    .         Harm     .   (no cloak)
rCorr    .         Rampage  .   (no gloves)
Will     .....                  (no boots)
Stlth    +++.......             A - amulet of the acrobat
HPRegen  0.17/turn              (no ring)
MPRegen  0.10/turn              (no ring)

@: no status effects
A: hooves 2, thin skeletal structure 1
a: no special abilities


You were on level 4 of the Dungeon.
You visited 1 branch of the dungeon, and saw 4 of its levels.

You collected 139 gold pieces.


Innate Abilities, Weirdness & Mutations

You have hoof-like feet.
You have a somewhat thin skeletal structure. (Dex +2, Stealth)


   Skills:
 - Level 3.0 Fighting
 + Level 3.3 Short Blades
 - Level 4.3 Armour
 - Level 3.1 Dodging
 + Level 2.9 Stealth
 - Level 4.3 Shields


You had 6 spell levels left.
You didn't know any spells.
Your spell library was empty.

Inventory:

Hand Weapons
 a - a +0 rapier
 l - a +1 hand axe of venom
 n - a +0 dagger (weapon)
Armour
 b - a +0 scale mail
 c - a +1 kite shield
 e - a scarf of invisibility
 i - a +0 helmet (worn)
 p - a +0 leather armour (worn)
Jewellery
 A - an amulet of the acrobat (around neck)
Scrolls
 f - 2 scrolls of enchant armour
 j - 4 scrolls of identify {@r1@r1}
 k - a scroll of fog {unknown}
 m - a scroll of immolation
 o - 2 scrolls of teleportation {@r4@r4}
 q - a scroll of blinking
Potions
 d - a potion of might
 h - 2 potions of attraction

Dungeon Overview and Level Annotations

Branches:
Dungeon (4/15)
 Temple: D:4-7

Altars:
Qazlal
Xom

Shops:
D:4

!=} #..........####+###
#..........+
#..........#
#####..........##+####
#......................
#......................
#
#.....#+##.............
## #.....
#............. #.
#..... #....g@∩......
## #.....
+......####### #. #....
#......# #. #......# #.
#......# #. #......# #.
#......# #. #......# #.
+......# #.


You could see a gnoll.


Message History

The gnoll is severely wounded.
The gnoll hits you with a +0 club!
* * * LOW HITPOINT WARNING * * *
The gnoll completely misses you.
You hit the gnoll. Your kick misses the gnoll.
The gnoll is almost dead.
The gnoll closely misses you. The gnoll hits you with a +0 club.
* * * LOW HITPOINT WARNING * * *
You barely miss the gnoll.
The gnoll is almost dead.
The gnoll misses you.
You closely miss the gnoll. Your kick misses the gnoll.
The gnoll is almost dead.
The gnoll hits you but does no damage.
You hit the gnoll.
You kill the gnoll!
The gnoll hits you with a +0 club!
* * * LOW HITPOINT WARNING * * *
The gnoll completely misses you.
You see here a cursed -2 spear.
Unknown command.
You hit the gnoll. Your kick misses the gnoll.
The gnoll is lightly wounded.
The gnoll barely misses you.
You hit the gnoll but do no damage. You kick the gnoll!
The gnoll is severely wounded.
You hit the gnoll. Your kick misses the gnoll.
The gnoll is severely wounded.
The gnoll hits you with a +0 club.
You die...

Skill      XL: |  1  2  3  4  5  6  7 |
---------------+----------------------+-----
Shields        | 3 4 |  4.3
Armour         | 3 4 |  4.3
Dodging        | 1 2 3 |  3.1
Short Blades   | 2 3 |  3.3
Stealth        | 2 |  2.9
Fighting       | |  3.0

Action                   |  1- 3 |  4- 6 |  7- 9 || total
-------------------------+-------+-------+-------++-------
Melee: Rapier            |    40 |       |       ||    40
       Hand axe          |    54 |    42 |       ||    96
       Kick              |    10 |    28 |    13 ||    51
       Dagger            |       |    50 |    63 ||   113
  Use: Scroll            |     9 |       |       ||     9
       Potion            |       |     2 |     3 ||     5
 Stab: Sleeping          |       |     2 |     1 ||     3
Armor: Scale mail        |    33 |    12 |       ||    45
       Leather armour    |       |    16 |    14 ||    30
Dodge: Dodged            |    30 |    46 |    45 ||   121
Block: Kite shield       |    56 |    54 |       ||   110

Levels and vault maps discovered:
D:1:      scummos_arrival_star, layout_basic, kennysheep_decorative_pillar
D:2:      layout_basic
D:3:      layout_basic, lemuel_round_altar, nicolae_qazlal_style_of_elements,
          uniq_sigmund
D:4:      layout_gridville, chequers_temple_overflow_minitemple, serial_shops,
          kennysheep_mini, shop, nicolae_shop_temple_entry_statues_fountains,
          shop, uniq_duvessa

Notes
Turn   | Place    | Note
-------+----------+-------------------------------------------
     0 | D:1      | Dracia the Demonspawn Fighter began the quest for the Orb.
     0 | D:1      | Reached XP level 1. HP: 18/18 MP: 1/1
   251 | D:1      | You fall into a shaft and drop 1 floor!
   340 | D:1      | Gained mutation: You have large cloven feet. [demonic
                  | ancestry]
   340 | D:1      | Reached XP level 2. HP: 23/24 MP: 2/2
   427 | D:1      | Reached skill level 3 in Shields
   431 | D:1      | Reached skill level 3 in Armour
   778 | D:1      | Reached skill level 1 in Dodging
  1283 | D:2      | Reached XP level 3. HP: 29/29 MP: 3/3
  2175 | D:3      | Found a stormy altar of Qazlal.
  2175 | D:3      | Noticed an earth elemental
  2176 | D:3      | Noticed a water elemental
  2177 | D:3      | Noticed a fire elemental
  2177 | D:3      | Noticed an air elemental
  2185 | D:3      | Gained mutation: You have a somewhat thin skeletal
                  | structure. (Dex +2, Stealth) [demonic ancestry]
  2185 | D:3      | Reached XP level 4. HP: 35/35 MP: 4/4
  2190 | D:3      | Reached skill level 2 in Dodging
  2419 | D:3      | Noticed a bullfrog
  2424 | D:3      | Killed a bullfrog
  2425 | D:3      | Gained mutation: You have hoof-like feet. [demonic
                  | ancestry]
  2425 | D:3      | Reached XP level 5. HP: 41/41 MP: 5/5
  2458 | D:3      | Found a shimmering altar of Xom.
  2458 | D:3      | Noticed Sigmund
  2478 | D:3      | Killed Sigmund
  2479 | D:3      | Reached skill level 4 in Armour
  2479 | D:3      | Reached skill level 3 in Dodging
  2479 | D:3      | Reached skill level 4 in Shields
  2479 | D:3      | Reached XP level 6. HP: 19/47 MP: 6/6
  2890 | D:4      | Found Jiedaloe's Gadget Shoppe.
  2977 | D:4      | Noticed Duvessa
  2977 | D:4      | Noticed Dowan
  3001 | D:4      | Killed Duvessa
  3002 | D:4      | Reached skill level 2 in Short Blades
  3002 | D:4      | Reached skill level 1 in Stealth
  3011 | D:4      | Killed Dowan
  3012 | D:4      | Reached skill level 2 in Stealth
  3347 | D:4      | Found Orhaade's Distillery.
  3402 | D:4      | Reached XP level 7. HP: 41/52 MP: 7/7
  3601 | D:4      | Reached skill level 3 in Short Blades
  3824 | D:4      | Found Soizebb's Jewellery Emporium.
  3848 | D:4      | HP: 3/52 [gnoll/+0 club (7)]
  3852 | D:4      | Slain by a gnoll

Vanquished Creatures
  Sigmund (D:3)
  Duvessa (D:4)
  A bullfrog (D:3)
  Dowan (D:4)
  2 hounds (D:4)
  3 orc wizards (D:4)
  5 gnolls
  6 adders
  A dart slug (D:3)
  3 orcs
  11 bats
  3 giant cockroaches
  6 hobgoblins
  4 ball pythons
  A ball python skeleton (D:4)
  5 goblins
  3 kobolds
  7 rats
64 creatures vanquished.

Table legend: (Time is in decaauts)
 A = Elapsed time spent in this place.
 B = Non-inter-level travel time spent in this place.
 C = Inter-level travel time spent in this place.
 D = Time resting spent in this place.
 E = Time spent auto-exploring this place.
 F = Levels seen in this place.
 G = Mean time per level.
                   A        B        C        D        E       F      G
               +--------+--------+--------+--------+--------+-----+--------+
         Total |   3885 |   3673 |    212 |    690 |   2466 |   4 |  971.2 |
       Dungeon |   3885 |   3673 |    212 |    690 |   2466 |   4 |  971.2 |
               +--------+--------+--------+--------+--------+-----+--------+

Top non-repeatable levels by time:
     D:3: 1053 daAuts
     D:1: 995 daAuts
     D:4: 951 daAuts
     D:2: 884 daAuts

Table legend:
 A = Non-vault XP
 B = Vault XP
 C = Vault XP percentage of total XP
 D = Non-vault monster count
 E = Vault monster count
 F = Vault count percentage of total count
                 A         B        C        D         E       F
            +---------+---------+-------+---------+---------+-------
      Total |     476 |     446 |  48.4 |      61 |       3 |   4.7
            +---------+---------+-------+---------+---------+-------
        D:1 |      24 |       0 |   0.0 |      17 |       0 |   0.0
        D:2 |      46 |       0 |   0.0 |      13 |       0 |   0.0
        D:3 |     184 |     227 |  55.2 |      17 |       1 |   5.6
        D:4 |     222 |     219 |  49.7 |      14 |       2 |  12.5
            +---------+---------+-------+---------+---------+-------
